 Dungeon Crawl Stone Soup version 0.29-a0-319-gad05b8d819 (webtiles) character file.

Game seed: 11473687510332557557

69519 khilkfdxdjhk the Unseen (level 14, -2/79 HPs)
             Began as a Spriggan Enchanter on Apr 1, 2022.
             Was the Champion of Dithmenos.
             Killed by divine providence
             ... invoked by Saint Roka
              (12 damage)
             ... on level 2 of the Orcish Mines on Apr 2, 2022.
             The game lasted 01:18:29 (26307 turns).

khilkfdxdjhk the Unseen (Spriggan Enchanter)       Turns: 26307, Time: 01:18:30

Health: -2/79      AC: 12    Str: 19    XL:     14   Next: 90%
Magic:  14/32      EV: 29    Int: 17    God:    Dithmenos [******]
Gold:   2137       SH:  5    Dex: 22    Spells: 26/40 levels left

rFire   . . .      SeeInvis +   y - +7 dagger of Oily Offence {vorpal, Str+5 Stlth+}
rCold   . . .      Faith    .   (no shield)
rNeg    . . .      Spirit   .   F - +3 steam dragon scales
rPois   .          Reflect  +   (helmet restricted)
rElec   .          Harm     .   i - +2 cloak
rCorr   .          Rampage  .   (gloves unavailable)
Will    ++...                   (boots unavailable) Stlth ****++++++
                                x - amulet of reflection
HPRegen 0.23/turn               P - +6 ring of dexterity
MPRegen 0.23/turn               n - +6 ring of strength

@: wreathed by umbra, very quick
A: very small, no large weapons, unfitting armour, see invisible, speed 3,
mutation resistance 1, passive freeze, robust 1
a: Renounce Religion, Shadow Step, Shadow Form


You were on level 2 of the Orcish Mines.
You worshipped Dithmenos.
Dithmenos was exalted by your worship.
You visited 4 branches of the dungeon, and saw 23 of its levels.
You also visited: Sewer, Ossuary and Ice Cave.

You collected 2137 gold pieces.

Inventory:

Hand Weapons
 a - a +3 dagger
 y - the +7 dagger of Oily Offence (weapon) {vorpal, Str+5 Stlth+}
   (You found it on level 7 of the Dungeon)

   It inflicts extra damage upon your enemies.
   Str:       It affects your strength (+5).
   Stlth:     It makes you more stealthy.
Missiles
 f - 63 poisoned darts (quivered)
 k - 4 curare-tipped darts
 H - 6 atropa-tipped darts
Armour
 i - a +2 cloak (worn)
 B - a +2 robe of fire resistance
 E - the +4 moon troll leather armour {Spirit, Regen++ MP+5}
   (You acquired it on level 8 of the Dungeon)

   MP:        It affects your magic capacity (+5).
   Regen:     It increases your rate of health regeneration.
 F - +3 steam dragon scales (worn)
Jewellery
 n - a +6 ring of strength (right hand)
 q - a ring of magical power
 x - an amulet of reflection (around neck)
 I - a ring of fire
 J - a ring of protection from cold
 P - a +6 ring of dexterity (left hand)
Wands
 t - a wand of paralysis (11)
 w - a wand of charming (3)
 A - a wand of polymorph (12)
 O - a wand of mindburst (3)
 R - a wand of digging (3)
Scrolls
 d - 6 scrolls of amnesia
 g - 4 scrolls of magic mapping
 o - 8 scrolls of teleportation
 v - 2 scrolls of blinking
 z - 3 scrolls of holy word
 K - a scroll of immolation
 N - a scroll of fog
 T - a scroll of summoning
 U - a scroll of enchant weapon
Potions
 b - 6 potions of brilliance
 e - a potion of haste
 h - 6 potions of cancellation
 l - 6 potions of lignification
 p - 2 potions of berserk rage
 r - 5 potions of curing
 s - 4 potions of ambrosia
 u - 2 potions of magic
 C - 3 potions of flight
 D - 3 potions of attraction
 L - 2 potions of mutation
 S - a potion of resistance
Miscellaneous
 Q - a phial of floods (inert)


   Skills:
 + Level 7.8 Fighting
 + Level 10.3 Short Blades
 + Level 6.2 Armour
 + Level 12.3 Dodging
 + Level 17.8 Stealth
 + Level 13.8 Spellcasting
 - Level 3.0 Conjurations
 + Level 14.1 Hexes


You had 26 spell levels left.
You knew the following spells:

 Your Spells              Type           Power      Damage    Failure   Level
a - Ensorcelled Hibernat  Hex/Ice        70%        N/A       1%          2
b - Tukima's Dance        Hex            56%        N/A       1%          3
c - Dazzling Flash        Conj/Hex       80%        N/A       1%          3
d - Confusing Touch       Hex            56%        N/A       1%          3
e - Stone Arrow           Conj/Erth      32%        3d9       10%         3

Your spell library contained the following spells:

 Spells                   Type           Power      Damage    Failure   Level
 Slow                     Hex            100%       N/A       1%          1
 Portal Projectile        Hex/Tloc       70%        N/A       1%          3
 Animate Skeleton         Necr           22%        N/A       6%          1
 Pain                     Necr           44%        1d6       6%          1
 Corpse Rot               Necr/Air       22%        N/A       9%          2
 Poisonous Vapours        Pois/Air       22%        N/A       9%          2
 Sublimation of Blood     Necr           11%        N/A       9%          2
 Wereblood                Tmut           11%        N/A       9%          2
 Mephitic Cloud           Conj/Pois/Air  15%        N/A       12%         3
 Ignite Poison            Fire/Tmut/Pois 11%        N/A       17%         3
 Vampiric Draining        Necr           11%        2d6       17%         3
 Airstrike                Air            5%         N/A       50%         4
 Animate Armour           Summ/Erth      22%        N/A       50%         4
 Animate Dead             Necr           5%         N/A       50%         4
 Dispel Undead            Necr           11%        3d9       50%         4
 Summon Ice Beast         Ice/Summ       11%        N/A       50%         4
 Summon Lightning Spire   Summ/Air       11%        N/A       50%         4
 Fireball                 Conj/Fire      8%         3d6       65%         5
 Lightning Bolt           Conj/Air       8%         1d20      65%         5
 Freezing Cloud           Conj/Ice/Air   7%         6-21      71%         5
 Blade Hands              Tmut           5%         N/A       85%         5
 Excruciating Wounds      Necr           5%         N/A       85%         5
 Death Channel            Necr           5%         N/A       100%        6
 Haunt                    Necr/Summ      5%         N/A       100%        7
 Ozocubu's Refrigeration  Ice            5%         4d6       100%        7
 Summon Hydra             Summ           5%         N/A       100%        7
 Infestation              Necr           5%         N/A       100%        8
 Lehudib's Crystal Spear  Conj/Erth      8%         10d3      100%        8
 Chain Lightning          Conj/Air       8%         3d10      100%        9
 Fire Storm               Conj/Fire      8%         8d2       100%        9
 Shatter                  Erth           5%         3d8*      100%        9


Dungeon Overview and Level Annotations

Branches:
Dungeon (14/15)            Temple (1/1) D:6            Lair (6/6) D:8
 Shoals (0/4) Lair:2       Spider (0/4) Lair:3        Slime (0/5) Lair:5
    Orc (2/2) D:10            Elf (0/3) Orc:2        Vaults (0/5) D:13
  Sewer (visited)         Ossuary (visited)           IceCv (visited)

Altars:
Ashenzari
Dithmenos
Fedhas
Makhleb
Qazlal
Ru
Trog
Uskayaw
Vehumet
Wu Jian
Yredelemnul
Beogh

Shops:
D:14 (

Portals:
Trove: D:12 (give 5 scrolls of fear)

Annotations:
Lair:2 2 runed translucent doors, Morbidden's ghost, journeyman TrBr
Orc:2 Saint Roka


Innate Abilities, Weirdness & Mutations

You are very small and have problems with some larger weapons.
You are too small for most types of armour.
You have supernaturally acute eyesight. (SInv)
You cover ground extremely quickly. (Speed+++)
You are somewhat resistant to further mutation.
A frigid envelope surrounds you and freezes all who hurt you.
You are robust. (+10% HP)


Message History

Beogh smites you!
Unknown command.
Unknown command.
Unknown command.
Casting: Stone Arrow (dangerous; 10% risk of failure)
Confirm with . or Enter, or press ? or * to list all spells.
Aiming: Stone Arrow (dangerous; 10% risk of failure)
Press: ? - help, Shift-Dir - straight line, f/p - Saint Roka
Aim: Saint Roka, wielding a +2 dire flail and wearing a +3 chain mail of fire resistance (heavily wounded, inner flame, umbra, 77% to hit)
The stone arrow hits Saint Roka.
Flame seeps out of Saint Roka.
Saint Roka is heavily wounded.
Saint Roka is engulfed in blazing flames.
Flame seeps out of Saint Roka.
Your magical contamination has completely faded away.
Unknown command.
Casting: Stone Arrow (dangerous; 10% risk of failure)
Confirm with . or Enter, or press ? or * to list all spells.
Aiming: Stone Arrow (dangerous; 10% risk of failure)
Press: ? - help, Shift-Dir - straight line, f/p - Saint Roka
Aim: Saint Roka, wielding a +2 dire flail and wearing a +3 chain mail of fire resistance (heavily wounded, inner flame, umbra, 77% to hit)
The stone arrow hits Saint Roka!
Flame seeps out of Saint Roka.
Saint Roka is severely wounded.
Your shadow mimicks your spell!
The shadow shard hits Saint Roka.
Flame seeps out of Saint Roka.
Saint Roka is engulfed in blazing flames.
Flame seeps out of Saint Roka.
There is a stone staircase leading up here.
Saint Roka calls down the wrath of Beogh upon you.
Beogh smites you!
* * * LOW HITPOINT WARNING * * *
Saint Roka calls down the wrath of Beogh upon you.
Beogh smites you!
* * * LOW HITPOINT WARNING * * *
The orc throws a boomerang.
The boomerang completely misses you.
Unknown command.
You feel better.
The orc no longer looks unusually strong.
Saint Roka calls down the wrath of Beogh upon you.
Beogh smites you!
You die...

...................#
.......[)..........##
......).............#
.....$.............##
....................#
...........<§.........#
..........§§§§........#
..........§§§§........#
..........§§§§o.@.....#
..........§)o§...#.#.##
#.......)[...........#
#.......)...........##
###......o#......##..<#
.#......§.............#
......)§#..........<..#
ooo....§.##...........#
.#...§§§.###...##....##


You could see Saint Roka (inner flame) and 2 orcs.

Vanquished Creatures
  Jorgrun (D:14)
  An ironbound preserver (D:13)
  A reaper (IceCv)
  Nessos (D:12)
  Snorg (D:11)
  Josephine (D:12)
  A fire dragon (Lair:6)
  2 hydras
  6 two-headed ogres
  4 boulder beetles
  5 centaur warriors
  3 death yaks (Lair:5)
  A tengu warrior (D:14)
  Urug (D:12)
  Nergalle (D:11)
  Sonja (D:10)
  An orb spider (Lair:3)
  A swamp dragon (Lair:6)
  Pikel (D:5)
  2 orc knights (Orc:2)
  7 ugly things
  An orc sorcerer (Orc:1)
  2 manticores
  8 cyclopes
  5 elephants
  10 cane toads
  2 black mambas
  2 ice statues (IceCv)
  A gargoyle (D:10)
  An unseen horror (D:13)
  5 rime drakes
  Maggie (D:6)
  2 kobold demonologists (D:9)
  A freezing wraith (D:14)
  2 tengu conjurers (D:13)
  8 ice devils
  6 komodo dragons
  An entropy weaver simulacrum (IceCv)
  A polar bear (Lair:6)
  A wind drake (Lair:2)
  10 trolls
  3 hornets
  9 blink frogs
  A slime creature (D:13)
  A centaur simulacrum (D:14)
  2 shadows
  A vampire (D:13)
  5 wraiths
  8 wyverns
  2 dire elephant simulacra (IceCv)
  40 yaks
  9 vampire mosquitoes
  8 steam dragons
  5 basilisks
  5 wargs
  2 death yak simulacra (IceCv)
  2 acid dragons
  A swamp drake (Lair:6)
  12 water moccasins
  A black bear (D:7)
  A sky beast (D:5)
  10 orc warriors
  4 ogres
  19 centaurs
  5 wolves (Lair:2)
  9 kobold brigands
  12 bullfrogs
  2 necrophages
  A gnoll sergeant (D:8)
  5 scorpions
  4 wights (D:7)
  3 two-headed ogre simulacra (IceCv)
  10 killer bees
  2 elephant simulacra (IceCv)
  An electric eel (Lair:1)
  6 howler monkeys
  2 hounds (D:6)
  2 jellies
  15 orc priests
  2 gnoll shamans
  Ijyb (D:5)
  11 iguanas
  16 orc wizards
  2 spriggan simulacra (IceCv)
  2 troll simulacra (IceCv)
  2 polar bear simulacra (IceCv)
  A wolf simulacrum (IceCv)
  A mummy (Ossuary)
  17 gnolls
  12 adders
  4 naga simulacra (IceCv)
  A river rat (Sewer)
  2 shadow imps
  3 ufetubi (IceCv)
  7 worms
  3 dart slugs
  56 orcs
  2 spectral bats (Ossuary)
  9 endoplasms
  7 giant cockroaches
  10 goblins
  8 hobgoblins
  4 jackals
  9 quokkas
  9 ball pythons
  6 bats
  2 bat simulacra (Ossuary)
  4 frilled lizards
  12 gnoll zombies (Ossuary)
  A goblin simulacrum (Ossuary)
  2 goblin zombies (Ossuary)
  5 hobgoblin zombies (Ossuary)
  12 kobolds
  2 kobold simulacra (Ossuary)
  2 kobold zombies (Ossuary)
  9 orc zombies (Ossuary)
  3 rats
  3 rat simulacra (Ossuary)
  5 spectral goblins (Ossuary)
  4 spectral kobolds (Ossuary)
  4 spectral rats (Ossuary)
620 creatures vanquished.

Vanquished Creatures (collateral kills)
  An orc sorcerer (Orc:2)
  Sigmund (D:2)
  Edmund (D:5)
  3 ogres
  An orc warrior (Orc:1)
  A bullfrog (D:7)
  2 orc priests (Orc:1)
  Crazy Yiuf (D:2)
  An orc wizard (D:11)
  An adder (D:5)
  7 orcs
  An endoplasm (D:4)
  5 kobolds (D:8)
26 creatures vanquished.

Vanquished Creatures (others)
  3 dancing weapons
  An iguana (Lair:6)
  An orc (Orc:1)
  9 fungi
  43 plants
57 creatures vanquished.

Grand Total: 703 creatures vanquished

Notes
Turn   | Place    | Note
-------+----------+-------------------------------------------
     0 | D:1      | khilkfdxdjhk the Spriggan Enchanter began the quest for the
                  | Orb.
     0 | D:1      | Reached XP level 1. HP: 9/9 MP: 5/5
   173 | D:1      | Reached XP level 2. HP: 8/13 MP: 7/7
   176 | D:1      | Learned a level 2 spell: Ensorcelled Hibernation
   925 | D:1      | Found a faded altar of an unknown god.
   986 | D:2      | Reached XP level 3. HP: 16/16 MP: 3/9
   990 | D:2      | Learned a level 3 spell: Tukima's Dance
   994 | D:2      | Learned a level 3 spell: Confusing Touch
  1565 | D:2      | Noticed Sigmund
  1573 | D:2      | Killed Sigmund
  1574 | D:2      | Reached skill level 5 in Spellcasting
  1574 | D:2      | Reached XP level 4. HP: 21/21 MP: 0/12
  1574 | D:2      | Reached XP level 5. HP: 24/24 MP: 0/13
  1712 | D:2      | Learned a level 3 spell: Dazzling Flash
  2108 | D:2      | Found a runed translucent door.
  2109 | D:2      | Noticed Crazy Yiuf
  2118 | D:2      | Killed Crazy Yiuf
  2119 | D:2      | Reached XP level 6. HP: 28/28 MP: 8/15
  2350 | D:3      | Found a glowing drain.
  2395 | Sewer    | Entered a sewer
  2795 | Sewer    | HP: 1/28 [worm (9)]
  3140 | Sewer    | Reached XP level 7. HP: 32/32 MP: 11/18
  3792 | D:3      | Found a large runed translucent door.
  3792 | D:3      | Found a large runed translucent door.
  3825 | D:3      | Found a bloodstained altar of Trog.
  3840 | D:3      | Found an ornate altar of the Wu Jian Council.
  3897 | D:3      | Found a stormy altar of Qazlal.
  5257 | D:5      | Entered Level 5 of the Dungeon
  5257 | D:5      | Noticed Edmund
  5272 | D:5      | Killed Edmund
  5273 | D:5      | Reached skill level 5 in Stealth
  5273 | D:5      | Reached XP level 8. HP: 12/36 MP: 16/21
  5561 | D:5      | Reached skill level 6 in Stealth
  5575 | D:5      | Reached skill level 7 in Stealth
  6024 | D:5      | Noticed Pikel
  6025 | D:5      | Found a burning altar of Makhleb.
  6037 | D:5      | Killed Pikel
  6038 | D:5      | Reached skill level 11 in Stealth
  6369 | D:5      | Noticed Ijyb
  6380 | D:5      | Killed Ijyb
  6668 | D:6      | Reached XP level 9. HP: 39/39 MP: 7/22
  6784 | D:6      | Found a staircase to the Ecumenical Temple.
  6871 | Temple   | Entered the Ecumenical Temple
  7033 | Temple   | Became a worshipper of Dithmenos the Shadowed
  7106 | D:6      | Gained mutation: You are robust. (+10% HP) [potion of
                  | mutation]
  7106 | D:6      | Gained mutation: You are somewhat resistant to further
                  | mutation. [potion of mutation]
  7106 | D:6      | Gained mutation: A frigid envelope surrounds you and
                  | freezes all who hurt you. [potion of mutation]
  7158 | D:6      | Noticed Maggie
  7167 | D:6      | Killed Maggie
  7168 | D:6      | Reached skill level 1 in Fighting
  7661 | D:7      | Found a blossoming altar of Fedhas.
  7762 | D:7      | Found a sand-covered staircase.
  7782 | Ossuary  | Entered an ossuary
  7876 | Ossuary  | Reached * piety under Dithmenos
  7912 | Ossuary  | Reached skill level 12 in Stealth
  8154 | Ossuary  | Reached ** piety under Dithmenos
  8448 | D:7      | Identified the +7 dagger of Oily Offence {vorpal, Str+5
                  | Stlth+}
  8500 | D:7      | Reached skill level 5 in Dodging
  8822 | D:7      | Reached XP level 10. HP: 51/51 MP: 24/24
  9065 | D:7      | Reached *** piety under Dithmenos
  9366 | D:8      | Reached skill level 10 in Hexes
  9480 | D:8      | Reached skill level 13 in Stealth
  9516 | D:8      | Noticed an elephant
  9520 | D:8      | Reached skill level 10 in Spellcasting
  9555 | D:8      | Killed an elephant
  9918 | D:8      | Found a staircase to the Lair.
 10144 | D:8      | Identified a scroll of acquirement
 10144 | D:8      | Acquired the +4 moon troll leather armour {Spirit, Regen++
                  | MP+5}
 10144 | D:8      | Found the +4 moon troll leather armour {Spirit, Regen++
                  | MP+5}
 10749 | D:9      | Reached skill level 5 in Short Blades
 11046 | D:9      | Reached skill level 1 in Armour
 11176 | D:9      | Reached XP level 11. HP: 58/58 MP: 19/26
 11556 | D:9      | Reached **** piety under Dithmenos
 11567 | D:9      | Noticed a soul eater
 12076 | D:10     | Entered Level 10 of the Dungeon
 12175 | D:10     | Found a staircase to the Orcish Mines.
 12255 | D:10     | Noticed Sonja
 12263 | D:10     | Killed Sonja
 12264 | D:10     | Reached skill level 14 in Stealth
 12356 | D:10     | Found a radiant altar of Vehumet.
 12440 | D:10     | Found a broken altar of Ashenzari.
 12667 | D:11     | Noticed a two-headed ogre
 12676 | D:11     | Killed a two-headed ogre
 13239 | D:11     | Noticed a two-headed ogre
 13246 | D:11     | Killed a two-headed ogre
 13248 | D:11     | Noticed Nergalle
 13249 | D:11     | Noticed Snorg
 13249 | D:11     | Noticed a boulder beetle
 13264 | D:11     | Killed a boulder beetle
 13265 | D:11     | Reached skill level 5 in Fighting
 13267 | D:11     | Killed Nergalle
 13277 | D:11     | Killed Snorg
 13278 | D:11     | Reached XP level 12. HP: 39/66 MP: 25/28
 13669 | D:12     | Noticed Nessos
 13672 | D:12     | Killed Nessos
 13741 | D:12     | Noticed Urug
 13750 | D:12     | Killed Urug
 13751 | D:12     | Reached skill level 15 in Stealth
 13783 | D:12     | Got the Almanac of Hurtful Weightlessness
 13953 | D:12     | Noticed a two-headed ogre
 13958 | D:12     | Killed a two-headed ogre
 14066 | D:12     | Identified the +1 whip of Etwe {flame, *Slow rElec rF-
                  | Str+9}
 14113 | D:12     | Found a portal to a secret trove of treasure.
 14301 | D:12     | Found a frozen archway.
 14311 | IceCv    | Entered an ice cave
 14857 | IceCv    | Noticed a reaper
 14863 | IceCv    | Killed a reaper
 14917 | IceCv    | Got the Incunabulum of the Frostbite
 15226 | IceCv    | Reached ***** piety under Dithmenos
 15318 | D:12     | Noticed Josephine
 15461 | D:12     | Noticed a centaur warrior
 15465 | D:12     | Killed a centaur warrior
 15486 | D:12     | Killed Josephine
 15558 | D:12     | Reached skill level 10 in Dodging
 15812 | D:13     | Noticed a centaur warrior
 15828 | D:13     | Killed a centaur warrior
 15829 | D:13     | Reached XP level 13. HP: 39/71 MP: 30/30
 16483 | D:13     | Reached skill level 16 in Stealth
 17055 | D:13     | Found a gate to the Vaults.
 17055 | D:13     | Noticed an ironbound preserver
 17064 | D:13     | Killed an ironbound preserver
 17472 | D:14     | Reached skill level 5 in Armour
 17809 | D:14     | Found Fatz's Antique Weapon Shoppe.
 18308 | D:14     | Noticed Jorgrun
 18310 | D:14     | Killed Jorgrun
 18860 | Lair:1   | Entered Level 1 of the Lair of Beasts
 19411 | Lair:1   | Reached XP level 14. HP: 79/79 MP: 17/32
 19428 | Lair:1   | Reached skill level 17 in Stealth
 20098 | Lair:2   | Found a large runed translucent door.
 20098 | Lair:2   | Found a large runed translucent door.
 20100 | Lair:2   | Noticed Morbidden's ghost (journeyman TrBr)
 20371 | Lair:2   | Found a staircase to the Shoals.
 20712 | Lair:2   | Identified the +6 quarterstaff of the Telling Saviour
                  | {antimagic, rF+ Will++ Int+2}
 21335 | Lair:3   | Found a hole to the Spider Nest.
 21736 | Lair:3   | Upgraded the game from 0.29-a0-317-gd16b76e6b1 to
                  | 0.29-a0-319-gad05b8d819
 21740 | Lair:3   | Learned a level 3 spell: Stone Arrow
 22214 | Lair:4   | Reached skill level 1 in Conjurations
 23361 | Lair:5   | Reached skill level 10 in Short Blades
 23436 | Lair:5   | Found a staircase to the Slime Pits.
 24046 | Lair:6   | Entered Level 6 of the Lair of Beasts
 24876 | Lair:6   | Reached ****** piety under Dithmenos
 25191 | Lair:6   | Identified the +1 mace of Piaclaut {holy, *Rage Will++
                  | Int+2}
 25424 | Orc:1    | Entered Level 1 of the Orcish Mines
 25871 | Orc:2    | Entered Level 2 of the Orcish Mines
 26207 | Orc:2    | Found a staircase to the Elven Halls.
 26213 | Orc:2    | Noticed Saint Roka
 26306 | Orc:2    | HP: 3/79 [Saint Roka/divine providence (11)]
 26307 | Orc:2    | Killed from afar by Saint Roka

Illustrated notes

Levels and vault maps discovered:
D:1:      wander_arrival_chamber, layout_basic,
          dreamdust_ecumenical_altar_hidden_monk_grotto
D:2:      layout_loops_cross, amcnicky_mini_rare_corridor_liquid, uniq_sigmund,
          uniq_crazy_yiuf_cottage
D:3:      layout_basic, jmf_multi_god_temple2,
          mainiacjoe_overflow_surrounded_room, gup_sewer_entry_pipe,
          serial_forest, infiniplex_forest_clump_cross,
          infiniplex_forest_lined_4_way, infiniplex_forest_straight_3,
          infiniplex_forest_zigzag_1, infiniplex_forest_clump_diagonal,
          infiniplex_forest_end_2, infiniplex_forest_straight_4,
          infiniplex_forest_lined_room_2, infiniplex_forest_lined_room_2
D:4:      layout_rooms
D:5:      layout_basic, lightli_temple_of_fire, lightli_corner_chamber,
          uniq_ijyb, uniq_edmund, uniq_pikel
D:6:      layout_cave_pools, minmay_temple_entry_glass, uniq_maggie
D:7:      layout_loops_ring, nicolae_overflow_crystal_walls, enter_ossuary_1,
          wad_rectangle_vault
D:8:      layout_loops_cross, david_lair_generic, amethyst_killhole
D:9:      layout_gridville
D:10:     layout_rooms, nicolae_vehumet_altar_sigil, marbit_many_paths,
          orc_0_dummy, uniq_sonja
D:11:     layout_big_octagon, serial_column_ruins, column_ruins_hut,
          column_ruins_corridor_corner, column_ruins_columns_corner,
          column_ruins_columns_T, column_ruins_columns_T,
          column_ruins_open_tiny_water, corexii_corridor_pit, uniq_snorg,
          uniq_nergalle
D:12:     layout_gridville, nicolae_trove_entry_free_sample,
          portal_ice_cave_demonic_guard, uniq_josephine, uniq_nessos, uniq_urug
D:13:     layout_stronghold, skrybe_vaults_entry_preservation
D:14:     layout_roguey, serial_shops, nicolae_shop_waterfront, uniq_jorgrun
Temple:   regret_index_temple_generic_petals
Lair:1:   layout_loops_ring, grunt_forest_small_clearings, wad_woods_river_01
Lair:2:   layout_chaotic_city, minmay_shoals_entry_beasts,
          ebering_ghost_disaster_area, lemuel_fruit_fields,
          serial_bayou_shore_b, grunt_megastairs_4
Lair:3:   layout_chaotic_city, nicolae_spider_entry_orb_guardian
Lair:4:   layout_small_grid
Lair:5:   layout_small_grid, slime_dummy, nicolae_quartered_pool_little
Lair:6:   guppyfry_lair_end_dragon, layout_loops_ring, serial_bayou_pond_e,
          infiniplex_staircase_pool
Orc:1:    layout_diamond_mine, basic_altar, minmay_orc_temple_a
Orc:2:    grunt_orc_cross, layout_caves, uniq_erolcha

Skill      XL: |  1  2  3  4  5  6  7  8  9 10 11 12 13 14 |
---------------+-------------------------------------------+-----
Spellcasting   | 3 5 6 8 9 10 11 12 13 | 13.8
Hexes          | 4 6 7 8 9 10 11 12 13 14 | 14.1
Stealth        | 5 11 12 13 14 15 16 17 | 17.8
Dodging        | 5 6 8 10 11 12 | 12.3
Fighting       | 2 4 5 6 7 |  7.8
Short Blades   | 3 5 7 8 9 10 | 10.3
Armour         | 1 3 4 5 6 |  6.2
Conjurations   | 3 |  3.0

Action                   |  1- 3 |  4- 6 |  7- 9 | 10-12 | 13-15 || total
-------------------------+-------+-------+-------+-------+-------++-------
Melee: Dagger            |    73 |   125 |   375 |   370 |   463 ||  1406
       Punch             |       |       |     2 |     5 |     3 ||    10
Throw: Dart              |       |       |       |       |     1 ||     1
 Cast: Ensorcelled Hiber |    19 |    34 |    78 |   105 |   155 ||   391
       Tukima's Dance    |     1 |     3 |    11 |    17 |    14 ||    46
       Confusing Touch   |       |     4 |     9 |    11 |     5 ||    29
       Dazzling Flash    |       |       |       |       |     7 ||     7
       Stone Arrow       |       |       |       |       |     3 ||     3
Invok: Shadow Step       |       |       |       |     4 |     1 ||     5
Evoke: Wand              |       |       |     1 |    11 |    23 ||    35
       Phial of floods   |       |       |       |       |     2 ||     2
  Use: Scroll            |     5 |       |    20 |     5 |     5 ||    35
       Potion            |       |     3 |     4 |     7 |    17 ||    31
 Stab: Sleeping          |    20 |    23 |    87 |   112 |   156 ||   398
       Confused          |       |     2 |    10 |     9 |     5 ||    26
       Invisible         |       |       |     2 |     9 |     9 ||    20
       Distracted        |       |       |     2 |     1 |     2 ||     5
Armor: Robe              |     9 |    19 |    36 |    13 |       ||    77
       Skin              |       |       |    24 |       |       ||    24
       Steam dragon scal |       |       |       |    29 |    39 ||    68
Dodge: Dodged            |    50 |    66 |   221 |   251 |   402 ||   990
Block: Other             |       |       |    24 |    73 |    74 ||   171
       Reflection        |       |       |       |     7 |     1 ||     8

Table legend: (Time is in decaauts)
 A = Elapsed time spent in this place.
 B = Non-inter-level travel time spent in this place.
 C = Inter-level travel time spent in this place.
 D = Time resting spent in this place.
 E = Time spent auto-exploring this place.
 F = Levels seen in this place.
 G = Mean time per level.
                   A        B        C        D        E       F      G
               +--------+--------+--------+--------+--------+-----+--------+
         Total |  19927 |  19282 |    645 |   1828 |  13625 |  26 |  766.4 |
       Dungeon |  12312 |  11903 |    409 |    856 |   8764 |  14 |  879.4 |
        Temple |    150 |    135 |     15 |      0 |    117 |   1 |  150.0 |
          Lair |   4499 |   4316 |    183 |     69 |   3599 |   6 |  749.8 |
  Orcish Mines |    642 |    605 |     37 |     45 |    370 |   2 |  321.0 |
         Sewer |   1220 |   1220 |      0 |    496 |    423 |   1 | 1220.0 |
       Ossuary |    328 |    328 |      0 |      0 |    120 |   1 |  328.0 |
      Ice Cave |    772 |    772 |      0 |    361 |    229 |   1 |  772.0 |
               +--------+--------+--------+--------+--------+-----+--------+

Top non-repeatable levels by time:
    D:13: 1263 daAuts
   Sewer: 1220 daAuts
     D:9: 1107 daAuts
     D:8: 1090 daAuts
     D:5: 1073 daAuts
     D:7: 1042 daAuts
     D:2: 1004 daAuts
    D:14: 1003 daAuts
  Lair:4: 941 daAuts
    D:12: 905 daAuts
  Lair:6: 888 daAuts
  Lair:1: 872 daAuts
    D:11: 854 daAuts
   IceCv: 772 daAuts
     D:3: 768 daAuts
